 Dungeon Crawl Stone Soup version 0.30.0-29-ga12c61a403 (webtiles) character file.

Game seed: 5943154017727048501

43 ChrisAssaf the Vexing (level 3, -2/15 HPs)
             Began as a Felid Enchanter on June 13, 2023.
             Slain by an orc wizard
             ... wielding a +0 dagger
              (3 damage)
             ... on level 3 of the Dungeon.
             The game lasted 00:04:12 (1055 turns).

ChrisAssaf the Vexing (Felid Enchanter)             Turns: 1055, Time: 00:04:13

Health: -2/15      AC:  1    Str:  6    XL:     3   Next: 37%
Magic:  1/7        EV: 17    Int: 16    God:
Gold:   91         SH:  0    Dex: 16    Spells: 1/6 levels left
                                        Lives:  0   Deaths: 0

rFire   . .          .
                       - Unarmed
rCold   . . .        (shield unavailable)
rNeg    . . .        (body armour unavailable)
rPois   .            (helmet unavailable)
rElec   .            (cloak unavailable)
rCorr   .            (gloves unavailable)
SInv    +            (boots unavailable)
Will    .....        (no amulet)
Stlth   +            (no ring)
HPRegen 0.22/turn    (no ring)
MPRegen 0.10/turn

%: no passive effects
@: confused, invisible, quick
A: very small, claws 1, fangs 3, see invisible, speed 1, shaggy fur 1, stealthy
paws, no weapons or thrown items, no armour, multi-lived
a: no special abilities


You were on level 3 of the Dungeon.
You visited 1 branch of the dungeon, and saw 3 of its levels.

You collected 91 gold pieces.

Inventory:

Scrolls
 b - a scroll of silence {unknown}
 d - a scroll of noise {unknown}
 f - a scroll of magic mapping {unknown}
 g - a scroll of vulnerability {unknown}
Potions
 a - a potion of invisibility


   Skills:
 * Level 0.6 Fighting
 * Level 3.0 Dodging
 * Level 4.6 Stealth
 * Level 1.4 Unarmed Combat
 * Level 2.3 Spellcasting
 * Level 5.0 Hexes


You had one spell level left.
You knew the following spells:

 Your Spells              Type           Power      Damage    Failure   Level
a - Ensorcelled Hibernat  Hex/Ice        18%        N/A       11%         2
b - Tukima's Dance        Hex            17%        N/A       8%          3

Your spell library contained the following spells:

 Spells                   Type           Power      Damage    Failure   Level
 Confusing Touch          Hex            17%        N/A       8%          3
 Dazzling Flash           Conj/Hex       18%        N/A       22%         3


Dungeon Overview and Level Annotations

Branches:
Dungeon (3/15)

Altars:
Fedhas
Yredelemnul

Annotations:
D:2 Robin


Innate Abilities, Weirdness & Mutations

You have sharp claws.
You have razor-sharp teeth.
You have supernaturally acute eyesight. (SInv)
You cover ground quickly. (Speed+)
You are covered in fur. (AC +1)
Your paws help you pounce on unaware monsters.
You are incapable of wielding weapons or throwing items.
You cannot wear armour.
You gain extra lives every three experience levels.


Message History

You resist with some effort.
You miss the orc wizard.
The orc wizard is moderately wounded.
The bat hits you. The orc wizard misses you.
You scratch the orc wizard.
The orc wizard is severely wounded.
The bat closely misses you. The orc wizard misses you.
You closely miss the orc wizard.
The orc wizard is severely wounded.
The bat completely misses you.
The orc wizard gestures at you while chanting.
You are confused.
The bat closely misses you.
You closely miss the orc wizard.
The orc wizard is severely wounded.
The bat barely misses you.
The orc wizard gestures at you while chanting.
You are more confused.
The bat hits you but does no damage.
The orc wizard points at you and mumbles some strange words.
You resist with some effort. The bat closely misses you.
The orc wizard barely misses you.
You miss the orc wizard.
The orc wizard is severely wounded.
The bat misses you.
The orc wizard points at you and mumbles some strange words.
The magic dart hits you.
You bump into the rock wall.
The orc shouts!
The bat barely misses you.
The orc wizard hits you with a +0 dagger.
* * * LOW HITPOINT WARNING * * *
You're too confused to move!
The bat hits you.
* * * LOW HITPOINT WARNING * * *
The orc wizard closely misses you.
Unknown command.
You fade into invisibility!
The bat closely misses you. The bat completely misses you.
The orc wizard hits you with a +0 dagger.
You die...

#..### ..... # #.... .
... .... ##. #.#
#..##### .!# #.# #......
###.# o.##### #...#
..#.# #.....# #b..#
.##.# #.....# #@..#
.##.# #.o...# #o..#
.##.# #.#. #...#####
.##w###.#.######.)......
.....oo.#...o...o.......
###.#######.####.......#
###..........o..........
....####....#..........#
###.# #....#..........#


You could see an orc wizard (invisible, unable to see you), an orc (unable to
see you) and a bat.

Vanquished Creatures
  An adder (D:2)
  A dart slug (D:1)
  An orc (D:3)
  3 endoplasms
  3 giant cockroaches
  3 goblins (D:2)
  A hobgoblin (D:2)
  5 quokkas
  A ball python (D:1)
  A bat (D:1)
  4 frilled lizards
  3 kobolds
  4 rats
31 creatures vanquished.

Notes
Turn   | Place    | Note
-------+----------+-------------------------------------------
     0 | D:1      | ChrisAssaf the Felid Enchanter began the quest for the Orb.
     0 | D:1      | Reached XP level 1. HP: 7/7 MP: 4/4
   318 | D:1      | Reached XP level 2. HP: 11/11 MP: 6/6
   321 | D:1      | Learned a level 2 spell: Ensorcelled Hibernation
   698 | D:2      | Noticed Robin
   897 | D:2      | Reached skill level 5 in Hexes
   897 | D:2      | Reached XP level 3. HP: 15/15 MP: 4/7
   901 | D:2      | Learned a level 3 spell: Tukima's Dance
   980 | D:3      | Found a blossoming altar of Fedhas.
   980 | D:3      | Found a basalt altar of Yredelemnul.
  1055 | D:3      | Slain by an orc wizard

Illustrated notes

Levels and vault maps discovered:
D:1:      dpeg_arrival_pits, layout_loops_ring
D:2:      layout_loops_cross, uniq_robin
D:3:      layout_basic, good_gods_mini_temple,
          chequers_temple_overflow_statue_of_worship,
          nicolae_qazlal_style_of_elements,
          shapermc_ecumenical_altar_mp_ritualfount

Skill      XL: |  1  2 |
---------------+-------+-----
Dodging        | 3 |  3.0
Hexes          | 5 |  5.0
Fighting       | |  0.6
Stealth        | |  4.6
Unarmed Combat | |  1.4
Spellcasting   | |  2.3

Action                     || total
---------------------------++-------
  Melee: Unarmed           ||    79
         Bite              ||     3
   Cast: Ensorcelled Hiber ||    18
    Use: Potion            ||     3
         Scroll            ||     2
   Stab: Sleeping          ||    19
 Armour: Skin              ||     8
  Dodge: Dodged            ||    76
